 Dungeon Crawl Stone Soup version 0.18.1-5-g4a78601 (webtiles) character file.

29 oplop the Chiller (level 3, -4/27 HPs)
             Began as a Merfolk Ice Elementalist on May 13, 2016.
             Slain by imganon's ghost (15 damage)
             ... on level 4 of the Dungeon.
             The game lasted 00:02:15 (824 turns).

oplop the Chiller (Merfolk Ice Elementalist)         Turns: 824, Time: 00:02:16

Health: -4/27      AC:  2    Str:  9    XL:     3   Next: 16%
Magic:  6/6        EV: 13    Int: 14    God:
Gold:   30         SH:  0    Dex: 14    Spells: 2 memorised, 3 levels left

rFire  . . .     SeeInvis .     j - +0 dagger
rCold  . . .     Gourm    +     a - +0 robe
rNeg   . . .     Faith    .     (no shield)
rPois  .         Spirit   .     (no helmet)
rElec  .         Dismiss  .     (no cloak)
rCorr  .         Reflect  .     (no gloves)
SustAt .         Harm     .     (no boots)
MR     .....                    f - amulet of the gourmand
Stlth  ++........               (no ring)
                                (no ring)

@: not resistant to hostile enchantments, unstealthy
A: change form in water, swift swim
a: no special abilities


You were on level 4 of the Dungeon.
You were not hungry.

You visited 1 branch of the dungeon, and saw 3 of its levels.

You collected 30 gold pieces.

Inventory:

Hand Weapons
 j - a +0 dagger (weapon)
Missiles
 d - 2 tomahawks (quivered)
Armour
 a - a +0 robe (worn)
Jewellery
 f - an amulet of the gourmand (around neck)
Scrolls
 k - 2 scrolls of fear
Potions
 g - a potion of beneficial mutation {unknown}
 h - a potion of flight {unknown}
 i - a potion of heal wounds {unknown}
 l - a potion of magic {unknown}
Books
 b - a book of Frost

   Spells                             Type                      Level
   a - Freeze                         Ice                          1
   b - Throw Frost                    Conjuration/Ice              2
   c - Ozocubu's Armour               Charms/Ice                   3
   d - Throw Icicle                   Conjuration/Ice              4
   e - Summon Ice Beast               Ice/Summoning                4
Comestibles
 c - 2 bread rations


   Skills:
 + Level 2.0 Fighting
 - Level 2.6 Dodging
 - Level 2.1 Stealth
 + Level 2.3 Spellcasting
 - Level 0.7 Conjurations
 + Level 3.5 Ice Magic


You had 3 spell levels left.
You knew the following spells:

 Your Spells              Type           Power        Failure   Level  Hunger
a - Freeze                Ice            ##..         6%          1    #......
b - Throw Frost           Conj/Ice       #.....       17%         2    ###....


Dungeon Overview and Level Annotations

Branches:
Dungeon (2/15)

Altars:

Annotations:
D:4 imganon's ghost, novice DsBe


Message History

Read which item? (? for menu, Esc to quit)
As you read the scroll labeled MUOXTA QATT, it crumbles to dust.
It is a scroll of identify.
Identify which item? (\ to view known items) (? for menu, Esc to quit)
k - 2 scrolls of fear Imganon's ghost hits you!
Read which item? (? for menu, Esc to quit)
As you read the scroll labeled KYMOZ LATO, it crumbles to dust.
The creatures around you are filled with an inner flame!
It was a scroll of immolation.
Imganon's ghost hits you.
Imganon's ghost says very slowly, "There's no hope."
Imganon's ghost mumbles, "They all look like pillowcases to me..."
A hound comes into view.
The hound barks!
The hound pauses to sniff the ground.
You hit the hound.
The hound is lightly wounded.
Imganon's ghost hits you!
Ouch! That really hurt!
You die...

............#
...##.####.##
##.##.# #..#
#.##.# ##.#
#.##.# #.#
##.##.### #.#
........# #.#
# ##.####.#
#.######.# #.#
.# #....W@h.#
#.# #
#####.........
#.#
........###
#.# #.####.###
#.. ... .# ##
### .# #


You could see a hound and imganon's ghost (inner flame).

Vanquished Creatures
  An adder (D:2)
  A dart slug (D:2)
  A giant gecko (D:1)
  A bat (D:1)
  A giant cockroach (D:1)
  3 goblins
  2 hobgoblins (D:1)
  2 kobolds (D:1)
  3 giant newts
  2 rats (D:1)
17 creatures vanquished.

Notes
Turn   | Place    | Note
--------------------------------------------------------------
     0 | D:1      | oplop the Merfolk Ice Elementalist began the quest for the Orb.
     0 | D:1      | Reached XP level 1. HP: 13/13 MP: 3/3
   347 | D:1      | Reached skill level 1 in Fighting
   363 | D:1      | Reached XP level 2. HP: 21/21 MP: 1/5
   491 | D:1      | Learned a level 2 spell: Throw Frost
   703 | D:2      | Reached XP level 3. HP: 19/27 MP: 1/6
   765 | D:2      | You fall through a shaft for 2 floors!
   778 | D:4      | Noticed imganon's ghost (novice DsBe)
   824 | D:4      | Slain by imganon's ghost

Skill      XL: |  1  2 |
---------------+-------+-----
Fighting       | 1 2 |  2.0
Dodging        | |  2.6
Stealth        | |  2.1
Spellcasting   | |  2.3
Conjurations   | |  0.7
Ice Magic      | |  3.5

Action                   || total
-------------------------++-------
Melee: Unarmed           ||    38
       Dagger            ||    10
Throw: Tomahawk          ||     1
 Cast: Freeze            ||    23
       Throw Frost       ||     1
  Use: Scroll            ||     3
 Stab: Sleeping          ||     2
  Eat: Chunk             ||     2
Armor: Robe              ||    14
Dodge: Dodged            ||    56
